Map: Eternal Empire LE

Players

Astrea - Winner!

  • Race: Protoss Protoss
  • League: Master
  • Spawn Location: 7:00

Robbie (Rob)

  • Race: Protoss Protoss
  • League: Grandmaster
  • Spawn Location: 1:00

Event: DreamHack SC2 Masters 2020 Fall

VOD

Have the link to the VOD?

Description

Time

  • Played on: Sept. 6, 2020, 4:09 p.m.
  • Length: 11:59

All games in this series

Show
View Real Time Build Order
Export as new Build Order

Astrea Protoss - Winner!

Build Orders: Phoenix Opening 

Get SALT Encoding   

  12  0:00  Probe  
  13  0:12  Probe  
  14  0:17  Pylon  
  14  0:24  Probe (Chrono Boost)  
  15  0:36  Gateway, Probe (Chrono Boost)  
  16  0:44  Probe (Chrono Boost)  
  16  0:46  Assimilator  
  17  0:51  Probe  
  17  0:54  Assimilator  
  18  1:03  Probe (Chrono Boost)  
  19  1:11  Gateway  
  19  1:13  Probe (Chrono Boost)  
  19  1:17  Probe (Chrono Boost)  
  20  1:23  Cybernetics Core  
  21  1:29  Probe  
  22  1:34  Pylon  
  22  1:41  Probe  
  23  1:53  Probe  
  24  1:59  Adept  
  24  2:00  Warp Gate, Adept  
  28  2:06  Pylon  
  28  2:16  Stargate  
  28  2:24  Probe  
  29  2:36  Adept x2, Probe  
  34  3:02  Shield Battery  
  34  3:05  Phoenix (Chrono Boost)  
  34  3:16  Shield Battery, Nexus  
  34  3:24  Phoenix (Chrono Boost)  
  36  3:40  Phoenix (Chrono Boost)  
  37  3:48  Stalker  
  39  3:58  Pylon  
  39  4:01  Pylon  
  39  4:12  Pylon  
  39  4:19  Phoenix, Probe  
  39  4:22  Robotics Facility  
  42  4:27  Probe  
  41  4:31  Probe  
  42  4:41  Probe  
  42  4:42  Sentry  
  42  4:45  Pylon  
  45  4:49  Probe  
  46  4:52  Sentry  
  46  4:53  Probe  
  49  5:01  Probe  
  49  5:06  Probe  
  51  5:09  Observer (Chrono Boost)  
  51  5:13  Probe  
  53  5:18  Probe  
  54  5:21  Phoenix  
  54  5:25  Observer (Chrono Boost), Probe  
  58  5:30  Probe  
  59  5:37  Pylon  
  59  5:39  Probe (Chrono Boost)  
  59  5:42  Probe (Chrono Boost)  
  61  5:43  Immortal (Chrono Boost)  
  66  5:53  Probe (Chrono Boost)  
  66  5:54  Probe (Chrono Boost)  
  67  5:58  Adept x2, Probe (Chrono Boost)  
  67  6:01  Probe  
  73  6:09  Probe  
  74  6:12  Pylon  
  74  6:13  Probe  
  75  6:22  Probe  
  75  6:25  Pylon  
  76  6:30  Immortal (Chrono Boost)  
  80  6:33  Probe  
  80  6:38  Probe  
  82  6:42  Assimilator x2  
  82  6:43  Stalker x2  
  82  6:45  Probe  
  87  6:49  Nexus  
  87  6:51  Nexus  
  87  7:00  Probe x2  
  89  7:07  Observer  
  87  7:14  Probe x2  
  89  7:16  Immortal  
  93  7:24  Forge  
  93  7:26  Twilight Council  
  93  7:30  Probe  
  93  7:36  Gateway  
  94  7:38  Gateway  
  94  7:42  Observer, Pylon  
  94  7:44  Pylon  
  94  7:51  Protoss Ground Weapons Level 1 (Chrono Boost)  
  94  7:57  Gateway x2  
  94  8:00  Probe x2  
  94  8:05  Immortal, Probe  
  100  8:06  Observer  
  100  8:07  Blink (Chrono Boost)  
  101  8:13  Probe x2  
  101  8:14  Sentry  
  101  8:15  Sentry  
  101  8:18  Probe  
  108  8:25  Probe x2  
  110  8:30  Probe  
  111  8:38  Stalker x3, Probe x2  
  111  8:39  Stalker  
  121  8:42  Assimilator, Probe  
  121  8:43  Assimilator  
  121  8:47  Pylon  
  121  8:52  Immortal (Chrono Boost)  
  125  8:56  Photon Cannon  
  125  8:58  Dark Shrine  
  125  9:06  Photon Cannon  
  125  9:09  Photon Cannon  
  125  9:21  Stalker x3  
  125  9:22  Stalker  
  133  9:34  Observer  
  133  9:36  Pylon  
  131  9:49  Pylon  
  131  9:50  Pylon  
  131  9:57  Pylon x2, Charge  
  129  10:07  Observer  
  129  10:08  Pylon  
  129  10:09  Pylon x2  
  128  10:25  Stalker x6  
  127  10:51  Probe x3  
  126  11:03  Probe x3  
  126  11:04  Stalker x6  
  133  11:05  Photon Cannon  
  137  11:15  Probe x2  
  139  11:18  Warp Prism (Chrono Boost)  
  141  11:28  Stalker x2  
  144  11:34  Nexus  
  144  11:50  Pylon  
Show
View Real Time Build Order
Export as new Build Order

Robbie Protoss 

Build Orders:  

Get SALT Encoding   

  12  0:00  Probe  
  13  0:12  Probe  
  14  0:19  Pylon  
  14  0:24  Probe (Chrono Boost)  
  15  0:37  Probe (Chrono Boost)  
  15  0:38  Gateway  
  16  0:45  Probe (Chrono Boost)  
  16  0:49  Assimilator  
  17  0:51  Probe  
  17  0:56  Assimilator  
  18  1:03  Probe  
  19  1:08  Gateway  
  19  1:16  Probe  
  20  1:25  Cybernetics Core  
  20  1:28  Probe  
  21  1:36  Pylon  
  21  1:40  Probe  
  22  1:52  Probe  
  23  2:01  Adept (Chrono Boost)  
  23  2:02  Adept (Chrono Boost)  
  23  2:08  Stargate  
  27  2:11  Probe  
  28  2:16  Pylon  
  28  2:23  Adept  
  30  2:34  Adept  
  31  2:48  Void Ray (Chrono Boost)  
  31  2:50  Shield Battery  
  35  3:10  Adept x2  
  35  3:22  Pylon  
  35  3:23  Pylon  
  39  3:47  Shield Battery  
  39  3:48  Shield Battery  
  39  3:50  Shield Battery  
  37  4:01  Warp Gate  
  27  4:04  Gateway  
  28  4:10  Probe  
  28  4:12  Stalker  
  29  4:23  Probe  
  30  4:35  Stalker, Probe  
  29  4:42  Stalker  
  29  4:44  Twilight Council  
  31  4:47  Probe  
  32  4:59  Probe  
  33  5:10  Pylon  
  33  5:11  Probe  
  33  5:13  Blink (Chrono Boost)  
  34  5:19  Pylon  
  34  5:26  Nexus  
  34  5:31  Probe  
  35  5:42  Nexus  
  35  5:44  Probe  
  36  5:55  Stalker  
  36  5:56  Probe  
  39  6:03  Stalker  
  41  6:08  Probe  
  42  6:16  Stalker  
  44  6:20  Probe  
  44  6:29  Stalker  
  46  6:33  Probe  
  46  6:34  Pylon  
  47  6:43  Probe  
  47  6:45  Probe  
  49  6:47  Stalker  
  51  6:55  Probe  
  51  6:58  Stalker x2  
  55  7:09  Probe x2  
  55  7:13  Stalker  
  57  7:24  Robotics Facility, Probe x2  
  57  7:26  Stalker x2  
  57  7:27  Pylon  
  63  7:34  Assimilator  
  63  7:39  Probe x2  
  63  7:40  Forge  
  65  7:51  Probe x2  
  67  7:56  Stalker x3  
  67  7:57  Charge (Chrono Boost)  
  73  8:06  Pylon  
  73  8:10  Protoss Ground Weapons Level 1 (Chrono Boost)  
  73  8:11  Observer (Chrono Boost)  
  74  8:14  Dark Shrine  
  73  8:36  Nexus  
  73  8:40  Probe  
  73  8:41  Probe  
  75  8:47  Warp Prism (Chrono Boost)  
  75  8:51  Assimilator  
  75  8:53  Probe x2, Pylon  
  79  9:10  Stalker x2  
  79  9:11  Stalker  
  79  9:12  Probe x2  
  87  9:24  Probe  
  87  9:25  Gateway x2  
  86  9:41  Probe  
  86  9:42  Probe  
  79  9:54  Probe x2  
  81  10:03  Dark Templar x3  
  81  10:06  Probe x2  
  87  10:07  Probe  
  87  10:09  Photon Cannon  
  87  10:12  Observer (Chrono Boost)  
  85  10:18  Probe x2  
  85  10:19  Probe  
  82  10:25  Observer (Chrono Boost)  
  79  10:30  Probe  
  79  10:31  Probe  
  79  10:37  Probe  
  79  10:38  Stalker  
  79  10:39  Stalker  
  79  10:42  Probe  
  75  10:43  Probe  
  68  10:54  Stalker x3  
  68  10:55  Probe x3 (Chrono Boost)  
  72  11:07  Probe (Chrono Boost)  
  72  11:08  Probe x2 (Chrono Boost)  
  75  11:15  Probe x3 (Chrono Boost)  
  74  11:19  Dark Templar x2  
  74  11:21  Probe  
  74  11:22  Probe x2  
  77  11:33  Probe  
  77  11:34  Probe x2  
  77  11:35  Stalker x2  
  80  11:52  Assimilator  
  78  11:56  Assimilator  

Tags
 
Add a new tag
Caveats
  • Supply blocks, unpowered buildings, or Contaminate may cause inaccurate times.
  • Supply counts are checked every 10 seconds.